 Dungeon Crawl Stone Soup version 0.21-a0-221-gfe971b9 (webtiles) character file.

13 tidbits the Skirmisher (level 2, 4/25 HPs)
             Began as a Draconian Wanderer on Aug 27, 2017.
             Quit the game on level 2 of the Dungeon.
             The game lasted 00:01:30 (165 turns).

tidbits the Skirmisher (Draconian Wanderer)          Turns: 165, Time: 00:01:31

Health: 4/25       AC:  4    Str: 19    XL:     2   Next: 24%
Magic:  2/2        EV: 11    Int: 12    God:
Gold:   13         SH:  4    Dex: 10    Spells: 1/1 levels left

rFire    . . .     SeeInvis .   a - +0 falchion
rCold    . . .     Gourm    .   D - +0 buckler
rNeg     . . .     Faith    .   (armour unavailable)
rPois    .         Spirit   .   (helmet restricted)
rElec    .         Reflect  .   (no cloak)
rCorr    .         Harm     .   (no gloves)
MR       .....                  (no boots)
Stlth    +.........             (no amulet)
HPRegen  0.08/turn              (no ring)
MPRegen  0.08/turn              (no ring)

@: mighty, lethally poisoned (4 -> -1)
A: unfitting armour, cold-blooded, AC +4
a: no special abilities


You were on level 2 of the Dungeon.
You were not hungry.

You visited 1 branch of the dungeon, and saw 2 of its levels.

You collected 13 gold pieces.

Inventory:

Hand Weapons
 a - a +0 falchion (weapon)
 e - a +0 hunting sling
Armour
 D - a +0 buckler (worn)
Scrolls
 b - a scroll of immolation {unknown}
Comestibles
 d - a bread ration


   Skills:
 + Level 2.8 Fighting
 - Level 2.0 Long Blades
   Level 2.0 Maces & Flails
 - Level 1.0 Dodging
 - Level 1.0 Stealth
 + Level 2.4 Shields


You had one spell level left.
You didn't know any spells.

Dungeon Overview and Level Annotations

Branches:
Dungeon (2/15)

Altars:


Innate Abilities, Weirdness & Mutations

Your plain brown scales are hard. (AC +4)
You cannot fit into any form of body armour.
You are cold-blooded and may be slowed by cold attacks.


Message History

You open the door. You open the door.
There is an open door here.
Found a ring mail.
Found a stone staircase leading down.
There is a stone staircase leading down here.
There is a stone staircase leading down here.
You climb downwards.
There is a stone staircase leading up here.
A bat comes into view.
The bat moves out of view.
A bat is nearby!
You closely miss the bat. The bat hits you but does no damage.
The bat closely misses you.
There is a stone staircase leading up here.
You barely miss the bat. The bat barely misses you. The bat barely misses you.
There is a stone staircase leading up here.
You hit the bat but do no damage. The bat hits you but does no damage.
The bat closely misses you. The bat completely misses you.
You riposte.
You miss the bat. You barely miss the bat. You block the bat's attack.
The bat misses you.
You riposte.
You hit the bat.
You kill the bat!
An adder and a hobgoblin come into view.
The adder hisses angrily.
The adder moves out of view.
A bat and a ball python come into view.
The hobgoblin shouts!
The ball python hisses angrily.
The hobgoblin misses you.
The ball python bites you but does no damage.
The ball python grabs you. The ball python constricts you.
You hit the hobgoblin but do no damage. The ball python bites you.
The ball python constricts you. The hobgoblin hits you with a club.
The ball python bites you. The ball python constricts you.
You escape the ball python's grasp.
The adder bites you.
* * * LOW HITPOINT WARNING * * *
The hobgoblin hits you with a club.
* * * LOW HITPOINT WARNING * * *
Throwing (i - inventory):
n - 4 throwing nets (quivered)
{!f}
Press: ? - help, Shift-Dir - straight line, f - hobgoblin
Aim: a hobgoblin, wielding a club Really fire
n - 4 throwing nets {!f}?
You throw a throwing net {!f}.
The throwing net {!f} closely misses the hobgoblin.
Throwing (i - inventory):
n - 3 throwing nets (quivered)
{!f}
Press: ? - help, Shift-Dir - straight line, f/p - hobgoblin
Aim: a hobgoblin, wielding a club Really fire
n - 3 throwing nets {!f}?
You throw a throwing net {!f}.
The throwing net {!f} hits the hobgoblin.
The hobgoblin is caught in the net!
The hobgoblin struggles against the net. x2
You hit the hobgoblin.
The hobgoblin is moderately wounded.
The hobgoblin struggles against the net.
You slash the hobgoblin!
You kill the hobgoblin!
You block the bat's attack. The bat barely misses you.
You slash the bat!
You kill the bat!
The adder bites you.
* * * LOW HITPOINT WARNING * * *
Throwing (i - inventory):
n - 2 throwing nets (quivered)
{!f}
Press: ? - help, Shift-Dir - straight line, f - adder
Aim: an adder Really fire
n - 2 throwing nets {!f}?
You throw a throwing net {!f}. The throwing net {!f} hits the adder.
The adder is caught in the net!
The adder struggles against the net.
You barely miss the adder.
The adder struggles against the net. x2
You hit the adder.
You tail-slap the adder, but do no damage.
The adder is lightly wounded.
The adder struggles against the net.
The net rips apart, and the adder comes free!
The adder bites you.
* * * LOW HITPOINT WARNING * * *
Throwing (i - inventory):
n - a throwing net (quivered)
{!f}
Press: ? - help, Shift-Dir - straight line, f/p - adder
Aim: an adder (lightly wounded) Really fire
n - a throwing net {!f}?
You throw a throwing net {!f}.
The throwing net {!f} barely misses the adder.
The adder bites you.
* * * LOW HITPOINT WARNING * * *
You are lethally poisoned!
The adder poisons you!
Firing (i - inventory): No suitable missiles.
Press: ? - help, Shift-Dir - straight line, f/p - adder
Aim: an adder (lightly wounded)
Okay, then.
It was a potion of might.
You feel very mighty all of a sudden.
* * * LOW HITPOINT WARNING * * *
You feel sick. The adder bites you but does no damage.
You slash the adder!
You kill the adder!
You have reached level 2!
You aren't carrying any potions.
Unknown command.
Are you sure you want to abandon this character and quit the game? (Confirm with "yes".)

.. .. .# .# # .#
.# .##.# #..b#
####.########
#....S@.....#
........######.#
##.#.#..# #.# #
#.#... #.# .
..## #.# . ...
#.# ###... #.#
#... #.# #<#


You could see a ball python.

Vanquished Creatures
  An adder (D:2)
  A hobgoblin (D:2)
  2 bats (D:2)
  A kobold (D:1)
5 creatures vanquished.

Notes
Turn   | Place    | Note
-------+----------+-------------------------------------------
     0 | D:1      | tidbits the Draconian Wanderer began the quest for the Orb.
     0 | D:1      | tidbits set off with: 4 throwing nets {!f}, a +0 falchion, a +0 buckler, a bread ration
     0 | D:1      | Reached XP level 1. HP: 17/17 MP: 1/1
   164 | D:2      | Reached XP level 2. HP: 3/25 MP: 2/2
   165 | D:2      | Quit the game

Vault maps used:
D:1:      dpeg_arrival_tiny_g
D:2:      nicolae_tso_carved_into_rock, mrwooster_statue_mirror,
          xom_teletrap_fun

Action                   || total
-------------------------++-------
Melee: Falchion          ||    12
       Tailslap          ||     1
Throw: Throwing net      ||     4
  Use: Potion            ||     1
 Stab: Sleeping          ||     1
Armor: Skin              ||     4
Dodge: Dodged            ||     8
Block: Buckler           ||     2
       Rpst.: Falchion   ||     2

Table legend:
 A = Spawn XP
 B = Non-spawn XP
 C = Spawn XP percentage of total XP
 D = Spawn monster count
 E = Non-spawn monster count
 F = Spawn count percentage of total count
 G = Total turns spent on level
                    A         B        C        D         E        F      G
               +---------+---------+-------+---------+---------+-------+---------
         Total |       0 |      19 |   0.0 |       0 |       5 |   0.0 |   165
               +---------+---------+-------+---------+---------+-------+---------
           D:1 |       0 |       1 |   0.0 |       0 |       1 |   0.0 |   124
           D:2 |       0 |      18 |   0.0 |       0 |       4 |   0.0 |    41
               +---------+---------+-------+---------+---------+-------+---------

Table legend:
 A = Turns spent in this place as a percentage of turns spent in the entire game.
 B = Non-inter-level travel turns spent in this place as a percentage of non-inter-level travel turns spent in the entire game.
 C = Inter-level travel turns spent in this place as a percentage of turns spent in this place.
 D = Turns resting spent in this place as a percentage of non-inter-level travel turns spent in this place.
 E = Turns spent auto-exploring this place as a percentage of non-inter-level travel turns spent in this place.
 F = Non-inter-level travel turns spent in this place divided by the number of levels of this place that you've seen.
                   A       B       C       D       E      F
               +-------+-------+-------+-------+-------+----------------------
         Total | 100.0 | 100.0 |   0.0 |   0.0 |   0.0 |  82.5
       Dungeon | 100.0 | 100.0 |   0.0 |   0.0 |   0.0 |  82.5
               +-------+-------+-------+-------+-------+----------------------

Table legend:
 A = Kills in this place as a percentage of kills in entire the game.
 B = Kills by you in this place as a percentage of kills by you in the entire game.
 C = Kills by friends in this place as a percentage of kills by friends in the entire game.
 D = Other kills in this place as a percentage of other kills in the entire game.
 E = Experience gained in this place as a percentage of experience gained in the entire game.
 F = Experience gained in this place divided by the number of levels of this place that you have seen.
                   A       B       C       D       E      F
               +-------+-------+-------+-------+-------+----------------------
         Total | 100.0 | 100.0 |   N/A |   N/A | 100.0 |   9.5
       Dungeon | 100.0 | 100.0 |   N/A |   N/A | 100.0 |   9.5
               +-------+-------+-------+-------+-------+----------------------

Vault maps used:
D:1:      dpeg_arrival_tiny_g
D:2:      nicolae_tso_carved_into_rock, mrwooster_statue_mirror,
          xom_teletrap_fun
